 Dungeon Crawl Stone Soup version 0.29-a0-222-g5b244fca1f (webtiles) character file.

Game seed: 13737297301680073743

375 Inarius the Chopper (level 6, -3/48 HPs)
             Began as a Demonspawn Fighter on Feb 27, 2022.
             Was an Initiate of Nemelex Xobeh.
             Slain by an orc
             ... wielding a +0 hand axe
              (4 damage)
             ... on level 4 of the Dungeon.
             The game lasted 00:04:24 (4227 turns).

Inarius the Chopper (Demonspawn Fighter)            Turns: 4227, Time: 00:04:25

Health: -3/48      AC:  8    Str: 18    XL:     6   Next: 44%
Magic:  6/6        EV:  9    Int: 10    God:    Nemelex Xobeh [......]
Gold:   162        SH:  4    Dex: 12    Spells: 5/5 levels left

rFire   . . .      SeeInvis .   a - +1 war axe
rCold   . . .      Faith    .   c - +0 buckler
rNeg    . . .      Spirit   .   b - +0 scale mail
rPois   .          Reflect  .   (helmet restricted)
rElec   .          Harm     .   (no cloak)
rCorr   .          Rampage  .   j - +0 pair of gloves
Will    .....                   (no boots)
Stlth   ..........              (no amulet)
HPRegen 0.16/turn               (no ring)
MPRegen 0.10/turn               (no ring)

@: mighty
A: antennae 1, ignite blood 1
a: Renounce Religion, Draw Escape, Draw Destruction, Draw Summoning


You were on level 4 of the Dungeon.
You worshipped Nemelex Xobeh.
Nemelex Xobeh was noncommittal.
You visited 2 branches of the dungeon, and saw 5 of its levels.
You also visited: Sewer.

You collected 162 gold pieces.

Inventory:

Hand Weapons
 a - a +1 war axe (weapon)
Armour
 b - a +0 scale mail (worn)
 c - a +0 buckler (worn)
 f - a +0 pair of boots
 j - a +0 pair of gloves (worn)
Scrolls
 g - a scroll of silence
 k - 4 scrolls of teleportation
 p - 4 scrolls of blinking
Potions
 e - a potion of cancellation {unknown}
 h - a potion of heal wounds {unknown}
 i - a potion of haste {unknown}
 n - a potion of curing
 q - a potion of mutation {unknown}


   Skills:
 + Level 4.1 Fighting
 + Level 4.4 Axes
 + Level 4.0 Armour
 + Level 3.2 Shields


You had 5 spell levels left.
You didn't know any spells.
Your spell library contained the following spells:

 Spells                   Type           Power      Damage    Failure   Level
 Conjure Flame            Conj/Fire      0%         6-21      99%         3
 Frozen Ramparts          Ice            0%         1d2       99%         3
 Ignite Poison            Fire/Tmut/Pois 0%         N/A       99%         3
 Stone Arrow              Conj/Erth      0%         3d7       99%         3
 Animate Armour           Summ/Erth      0%         N/A       100%        4
 Ice Form                 Ice/Tmut       0%         N/A       100%        4
 Sticky Flame             Conj/Fire      0%         2d3       100%        4
 Summon Ice Beast         Ice/Summ       0%         N/A       100%        4
 Lehudib's Crystal Spear  Conj/Erth      0%         10d2      100%        8


Dungeon Overview and Level Annotations

Branches:
Dungeon (4/15)             Temple (1/1) D:4           Sewer (visited)

Altars:
Ashenzari
Dithmenos
Fedhas
Gozag
Hepliaklqana
Makhleb
Nemelex Xobeh
Okawaru
Qazlal
Ru
Sif Muna
Trog
Uskayaw
Vehumet
Wu Jian
Yredelemnul
Zin
The Shining One

Shops:
D:1 (


Innate Abilities, Weirdness & Mutations

You have a pair of small antennae on your head.
Your demonic aura sometimes causes spilled blood to erupt in flames.


Message History

You hit the orc but do no damage. The orc hits you with a +0 club.
The ogre hits you with a +0 giant spiked club!!
* * * LOW HITPOINT WARNING * * *
You slice the ogre!!
You kill the ogre!
You hit the orc.
The orc priest mumbles some strange prayers to Beogh against you.
Beogh smites you!
* * * LOW HITPOINT WARNING * * *
The orc is engulfed in blazing flames.
You kill the orc!
Your Armour skill increases to level 4!
It was a potion of curing.
You feel better. The orc priest hits you with a +0 whip.
* * * LOW HITPOINT WARNING * * *
The orc hits you but does no damage.
You see here a +0 giant spiked club.
Unknown command.
You barely miss the orc priest. You closely miss the orc.
The orc priest hits you with a +0 whip.
* * * LOW HITPOINT WARNING * * *
The orc hits you with a +0 hand axe.
* * * LOW HITPOINT WARNING * * *
Unknown command.
You feel better.
The orc priest mumbles some strange prayers to Beogh against you.
You barely resist. The orc misses you.
You closely miss the orc priest. You closely miss the orc.
The orc priest hits you with a +0 whip.
* * * LOW HITPOINT WARNING * * *
The orc barely misses you.
You barely miss the orc priest. You barely miss the orc.
The orc priest hits you but does no damage.
The orc hits you with a +0 hand axe.
* * * LOW HITPOINT WARNING * * *
The orc priest hits you with a +0 whip.
* * * LOW HITPOINT WARNING * * *
The orc hits you with a +0 hand axe.
You die...
Your body disappears without a glow.

#...))##.....) ..
##......#...... ?..###
###.......##.....
#....##..##.....###....
#..[.####....# #....
###.## #....# ##... #.#
##...# ##.. ##.# ##...#
#.. #)@# #..# ##. #oo#
#.# ## #.o. ## # #....
# #..... ## #.....# ##.
#....## #.. #...## ##..
##...


You could see an orc priest and 2 orcs.

Vanquished Creatures
  Pargi (Sewer)
  An ogre (D:4)
  An orc wizard (D:4)
  8 adders
  2 river rats (D:4)
  2 worms (D:3)
  2 dart slugs (D:3)
  8 orcs
  6 ball pythons
  3 bats
  3 endoplasms
  2 giant cockroaches
  6 goblins
  6 hobgoblins
  5 kobolds
  3 quokkas
  3 frilled lizards
  6 rats
68 creatures vanquished.

Notes
Turn   | Place    | Note
-------+----------+-------------------------------------------
     0 | D:1      | Inarius the Demonspawn Fighter began the quest for the Orb.
     0 | D:1      | Reached XP level 1. HP: 18/18 MP: 1/1
   332 | D:1      | Found Bivic's Antique Weapon Shoppe.
   400 | D:1      | Gained mutation: Your demonic aura sometimes causes spilled
                  | blood to erupt in flames. [demonic ancestry]
   400 | D:1      | Reached XP level 2. HP: 19/24 MP: 2/2
  1324 | D:2      | Gained mutation: You have a pair of small antennae on your
                  | head. [demonic ancestry]
  1324 | D:2      | Reached XP level 3. HP: 24/29 MP: 3/3
  1670 | D:2      | Found a broken altar of Ashenzari.
  1851 | D:2      | Found a faded altar of an unknown god.
  2245 | D:3      | Reached XP level 4. HP: 34/35 MP: 4/4
  3387 | D:4      | Found a staircase to the Ecumenical Temple.
  3396 | Temple   | Entered the Ecumenical Temple
  3501 | Temple   | Became a worshipper of Nemelex Xobeh the Trickster
  3586 | D:4      | Found a glowing drain.
  3619 | Sewer    | Entered a sewer
  3717 | Sewer    | Noticed Pargi
  3723 | Sewer    | Killed Pargi
  3724 | Sewer    | Reached XP level 5. HP: 33/42 MP: 5/5
  4200 | D:4      | Reached XP level 6. HP: 47/48 MP: 6/6
  4227 | D:4      | HP: 1/48 [orc priest/+0 whip (5)]
  4227 | D:4      | Slain by an orc

Illustrated notes

Levels and vault maps discovered:
D:1:      minmay_arrival_wavy_path, layout_basic, serial_shops,
          nicolae_shop_advertising_works [nicolae_subvault_shop_adworks]
D:2:      layout_basic, basic_altar,
          hellmonk_ecumenical_altar_pennies_from_heaven
D:3:      layout_basic, chequers_serial_rivers_marsh
D:4:      layout_cave_pods, lemuel_crystal_altar, overflow_temple_1_default,
          minmay_temple_entry_water_ring, portal_sewer_entry_c, enter_ossuary_2
Temple:   minmay_temple_bridge_d

Skill      XL: |  1  2  3  4  5  6 |
---------------+-------------------+-----
Armour         | 3 4 |  4.0
Axes           | 2 3 4 |  4.4
Shields        | 3 |  3.2
Fighting       | 4 |  4.1

Action                   |  1- 3 |  4- 6 || total
-------------------------+-------+-------++-------
Melee: War axe           |    93 |   105 ||   198
  Use: Scroll            |       |     7 ||     7
       Potion            |       |     4 ||     4
Armor: Scale mail        |    51 |    53 ||   104
Dodge: Dodged            |    33 |    46 ||    79
Block: Buckler           |    26 |    15 ||    41

Table legend: (Time is in decaauts)
 A = Elapsed time spent in this place.
 B = Non-inter-level travel time spent in this place.
 C = Inter-level travel time spent in this place.
 D = Time resting spent in this place.
 E = Time spent auto-exploring this place.
 F = Levels seen in this place.
 G = Mean time per level.
                   A        B        C        D        E       F      G
               +--------+--------+--------+--------+--------+-----+--------+
         Total |   4318 |   4118 |    200 |    203 |   3236 |   6 |  719.7 |
       Dungeon |   3582 |   3480 |    102 |    121 |   2776 |   4 |  895.5 |
        Temple |    177 |     79 |     98 |      0 |     67 |   1 |  177.0 |
         Sewer |    557 |    557 |      0 |     82 |    393 |   1 |  557.0 |
               +--------+--------+--------+--------+--------+-----+--------+

Top non-repeatable levels by time:
     D:3: 1183 daAuts
     D:1: 1181 daAuts
     D:2: 991 daAuts
   Sewer: 557 daAuts
     D:4: 225 daAuts
  Temple: 177 daAuts
